 Dungeon Crawl Stone Soup version 0.20-a0-433-g9e36e56 (webtiles) character file.

3744 Kriby the Thaumaturge (level 9, -5/57 HPs)
             Began as a Mummy Fire Elementalist on Jan 4, 2017.
             Was a High Priest of Cheibriados.
             Slain by an orc warrior
             ... wielding a +1 mace of protection
              (22 damage)
             ... on level 8 of the Dungeon.
             The game lasted 00:17:51 (11087 turns).

Kriby the Thaumaturge (Mummy Fire Elementalist)    Turns: 11087, Time: 00:17:52

Health: -5/57      AC:  6    Str: 23    XL:     9   Next: 93%
Magic:  14/24      EV: 17    Int: 29    God:    Cheibriados [*****.]
Gold:   545        SH:  0    Dex: 25    Spells: 16/31 levels left

rFire  x . .     SeeInvis +     C - +13 scythe of Curses {drain, *Curse} (curse)
rCold  + . .     Gourm    .     a - +0 robe
rNeg   + + +     Faith    .     (shield currently unavailable)
rPois  ∞         Spirit   .     p - +0 helmet
rElec  .         Reflect  .     (no cloak)
rCorr  .         Harm     .     g - +2 pair of gloves (curse)
MR     +....                    (no boots)
Stlth  ++........               (no amulet)
                                s - +2 ring of evasion (curse)
                                k - ring of see invisible

@: very slow
A: no food or potions, fire vulnerability, cold resistance 1, negative energy
resistance 3, torment resistance, unbreathing
a: Bend Time, Temporal Distortion, Slouch, Step From Time, Renounce Religion


You were on level 8 of the Dungeon.
You worshipped Cheibriados.
Cheibriados was extremely pleased with you.
You were not hungry.

You visited 1 branch of the dungeon, and saw 8 of its levels.
You also visited: Sewer.

You collected 545 gold pieces.

Inventory:

Hand Weapons
 b - a +0 shortbow
 d - a +0 hand axe
 f - a +2 short sword of venom
 C - the cursed +13 scythe of Curses (weapon) {drain, *Curse}
   (You found it on level 8 of the Dungeon)

   A truly terrible weapon, it drains the life of those it strikes.
   It may re-curse itself when equipped.
   It has a curse placed upon it.
Missiles
 h - 135 arrows
 x - 8 javelins (quivered)
Armour
 a - a +0 robe (worn)
 g - a cursed +2 pair of gloves (worn)
 p - a +0 helmet (worn)
Jewellery
 k - a ring of see invisible (left hand)
 n - a +2 ring of dexterity
 s - a cursed +2 ring of evasion (right hand)
 u - an uncursed ring of wizardry {unknown}
Wands
 o - a wand of lightning (0/15)
 t - a wand of lightning (3/15)
 B - a wand of flame (19/48)
Scrolls
 c - 3 scrolls of teleportation
 e - 7 scrolls of remove curse
 i - 2 scrolls of noise {unknown}
 j - a scroll of amnesia {unknown}
 l - 2 scrolls of magic mapping {unknown}
 m - 5 scrolls of identify
 q - a scroll of fog {unknown}
 r - 2 scrolls of fear {unknown}
 v - 4 scrolls of blinking {unknown}
 w - a scroll of enchant armour {unknown}
 y - a scroll of random uselessness {unknown}
 z - a scroll of enchant weapon {unknown}
Books
 A - a book of Callings

   Spells                             Type                      Level
   a - Summon Small Mammal            Summoning                    1
   b - Call Imp                       Summoning                    2
   c - Call Canine Familiar           Summoning                    3
   d - Summon Guardian Golem          Hexes/Summoning              3
   e - Summon Lightning Spire         Summoning/Air                4
   f - Summon Ice Beast               Ice/Summoning                4


   Skills:
 + Level 4.0 Dodging
 - Level 1.5 Stealth
 + Level 11.6 Spellcasting
 + Level 6.0 Conjurations
 + Level 4.0 Fire Magic
 * Level 4.1 Invocations


You had 16 spell levels left.
You knew the following spells:

 Your Spells              Type           Power        Failure   Level  Hunger
a - Flame Tongue          Conj/Fire      #####        1%          1    N/A
b - Conjure Flame         Conj/Fire      #####...     1%          3    N/A
c - Sticky Flame          Conj/Fire      #####...     6%          4    N/A
d - Throw Flame           Conj/Fire      #####.       1%          2    N/A
e - Fireball              Conj/Fire      #####.....   14%         5    N/A

Dungeon Overview and Level Annotations

Branches:
Dungeon (8/15)             Temple (0/1) D:4
   Lair: D:8-11

Altars:
Cheibriados
Dithmenos
Hepliaklqana
Nemelex Xobeh
Ru
Vehumet
Yredelemnul
Zin

Shops:
D:7 *


Innate Abilities, Weirdness & Mutations

You do not eat or drink.
Your flesh is vulnerable to fire.
You are immune to poison.
Your flesh is cold resistant. (rC+)
You are immune to negative energy. (rN+++)
You are immune to unholy pain and torment.
You can survive without breathing.


Message History

The flame tongue hits the orc warrior.
The orc warrior appears unharmed.
The orc warrior is lightly wounded.
The orc warrior misses you.
You closely miss the orc warrior.
The orc warrior is lightly wounded.
The orc warrior hits you with a mace of protection.
The orc warrior hits you with a mace of protection!!
* * * LOW HITPOINT WARNING * * *
You are too injured to fight recklessly!
Casting: Flame Tongue
Confirm with . or Enter, or press ? or * to list all spells.
Aiming: Sticky Flame
Press: ? - help, Shift-Dir - straight line, f/p - orc warrior
Aim: an orc warrior, wielding a mace of protection and wearing a plate armour (lightly wounded)
The sticky flame hits the orc warrior.
The orc warrior appears unharmed.
The orc warrior is lightly wounded.
The orc warrior is covered in liquid flames!
The orc warrior burns!
The orc warrior hits you with a mace of protection!!
You die...

.##...................
.##.#.###.#.###.#.#...
.# #.#.##........ ..
#^........# ##
######.##.# #......#
###.#.####
#.....#####.#
#......@ooo.#
#.....####.....
#.....# #.# #.....#
#######


You could see an orc warrior (burning) and 2 orcs.

Vanquished Creatures
  Sigmund (D:5)
  A water moccasin (D:5)
  Duvessa (D:6)
  3 orc warriors (D:7)
  2 phantoms (D:5)
  6 ogres
  5 centaurs
  5 big kobolds
  3 bullfrogs
  A scorpion (D:4)
  Dowan (D:6)
  5 crimson imps
  6 hounds
  2 bullfrog zombies (D:5)
  2 jellies
  3 orc priests
  9 orc wizards
  2 iguanas
  5 worker ants
  A hound skeleton (D:7)
  A worker ant zombie (D:5)
  7 gnolls (D:7)
  8 adders
  4 river rats (Sewer)
  9 oozes
  An adder skeleton (D:5)
  5 worms
  A dart slug (D:3)
  7 leopard geckos
  20 orcs
  7 giant cockroaches
  9 goblins
  15 hobgoblins
  11 jackals
  4 quokkas
  5 ball pythons
  10 bats
  11 frilled lizards
  A jackal skeleton (D:4)
  20 kobolds
  A leopard gecko skeleton (D:4)
  A leopard gecko zombie (D:7)
  9 rats
  A spectral orc (D:2)
232 creatures vanquished.

Notes
Turn   | Place    | Note
-------+----------+-------------------------------------------
     0 | D:1      | Kriby the Mummy Fire Elementalist began the quest for the Orb.
     0 | D:1      | Reached XP level 1. HP: 13/13 MP: 4/4
   188 | D:1      | Reached skill level 3 in Spellcasting
   490 | D:1      | Reached skill level 1 in Conjurations
   642 | D:1      | Reached XP level 2. HP: 11/19 MP: 0/6
  1093 | D:1      | Reached skill level 4 in Spellcasting
  1444 | D:1      | Reached XP level 3. HP: 19/24 MP: 0/8
  1640 | D:2      | Found a sparkling altar of Nemelex Xobeh.
  2039 | D:2      | Learned a level 3 spell: Conjure Flame
  2112 | D:2      | Reached XP level 4. HP: 30/30 MP: 0/10
  2344 | D:2      | Reached skill level 5 in Spellcasting
  2556 | D:2      | Found a basalt altar of Yredelemnul.
  3649 | D:3      | Found a faded altar of an unknown god.
  3660 | D:3      | Became a worshipper of Cheibriados the Contemplative
  3660 | D:3      | Reached * piety under Cheibriados
  4108 | D:4      | Reached XP level 5. HP: 16/35 MP: 2/13
  4591 | D:4      | Reached skill level 6 in Spellcasting
  4801 | D:4      | Noticed an ogre
  4810 | D:4      | Killed an ogre
  4810 | D:4      | Reached XP level 6. HP: 25/41 MP: 8/15
  4884 | D:4      | Reached skill level 7 in Spellcasting
  5128 | D:4      | Found a staircase to the Ecumenical Temple.
  5178 | D:4      | Found a snail-covered altar of Cheibriados.
  5181 | D:4      | Found a hazy altar of Hepliaklqana.
  5184 | D:4      | Found a glowing silver altar of Zin.
  5450 | D:5      | Entered Level 5 of the Dungeon
  5456 | D:5      | Found a glowing drain.
  5471 | Sewer    | Entered a sewer
  5638 | Sewer    | Reached XP level 7. HP: 38/46 MP: 12/18
  5724 | Sewer    | Reached ** piety under Cheibriados
  5832 | Sewer    | Reached skill level 8 in Spellcasting
  6515 | D:5      | Found a sacrificial altar of Ru.
  6529 | D:5      | Reached skill level 9 in Spellcasting
  6676 | D:5      | Noticed Sigmund
  6686 | D:5      | Killed Sigmund
  6686 | D:5      | Reached XP level 8. HP: 46/52 MP: 13/21
  6764 | D:5      | Reached skill level 10 in Spellcasting
  7031 | D:5      | Found a radiant altar of Vehumet.
  7058 | D:5      | Reached *** piety under Cheibriados
  7404 | D:5      | Found a shadowy altar of Dithmenos.
  7562 | D:5      | Learned a level 4 spell: Sticky Flame
  7565 | D:5      | Learned a level 2 spell: Throw Flame
  7899 | D:6      | Noticed Dowan
  7901 | D:6      | Noticed Duvessa
  7909 | D:6      | Killed Dowan
  7912 | D:6      | Killed Duvessa
  7912 | D:6      | Reached skill level 5 in Conjurations
  8048 | D:6      | Found a sand-covered staircase.
  8067 | D:6      | Reached skill level 11 in Spellcasting
  8262 | D:6      | Reached XP level 9. HP: 57/57 MP: 21/24
  8441 | D:7      | Learned a level 5 spell: Fireball
  8458 | D:7      | Reached skill level 1 in Invocations
  8564 | D:7      | Reached **** piety under Cheibriados
  8842 | D:7      | Found Arogitz's General Store.
 10038 | D:7      | Reached ***** piety under Cheibriados
 11087 | D:8      | Slain by an orc warrior

Vault maps used:
D:1:      minmay_arrival_plants_in_alcoves, moated_statue
D:2:      yredelemnul_forgotten_temple_becter, lemuel_doored_altar,
          nicolae_underground_beach
D:3:      chequers_ecumenical_altar_simple
D:4:      grunt_temple_overflow_diamond
D:5:      lemuel_crystal_altar, grunt_dithmenos_shadows, first_bread,
          portal_sewer_entry_f, nicolae_ru_awakened_eye, uniq_sigmund
D:6:      enter_ossuary_3, uniq_duvessa
D:7:      kennysheep_housing_project, serial_shops, shop
D:8:      grunt_ogre_cave
Sewer:    sewer_co_tree

Skill      XL: |  1  2  3  4  5  6  7  8  9 |
---------------+----------------------------+-----
Spellcasting   | 3 4 5 6 7 9 11 | 11.6
Conjurations   | 1 2 3 4 5 6 |  6.0
Dodging        | 2 4 |  4.0
Fire Magic     | 3 4 |  4.0
Invocations    | 4 |  4.1
Stealth        | |  1.5

Action                   |  1- 3 |  4- 6 |  7- 9 || total
-------------------------+-------+-------+-------++-------
Melee: Hand axe          |    15 |       |       ||    15
       Short sword       |     8 |    10 |    21 ||    39
       Scythe            |       |       |     3 ||     3
 Fire: Shortbow          |       |       |    35 ||    35
 Cast: Flame Tongue      |    72 |   141 |   263 ||   476
       Throw Flame       |       |       |    70 ||    70
       Sticky Flame      |       |       |     5 ||     5
       Conjure Flame     |       |       |     8 ||     8
       Fireball          |       |       |     2 ||     2
Evoke: Wand              |       |       |     7 ||     7
  Use: Scroll            |       |       |     4 ||     4
Armor: Robe              |    27 |    26 |    48 ||   101
Dodge: Dodged            |    42 |    52 |   132 ||   226
